 Dungeon Crawl Stone Soup version 0.30-a0-253-g6b895097cc (console) character file.

Game seed: 7669675547923449706

41253 Ignak the Thaumaturge (level 14, -22/97 HPs)
             Began as a Gnoll Hedge Wizard on Oct 13, 2022.
             Was a High Priest of Sif Muna.
             Killed from afar by a fire giant (52 damage)
             ... with a bolt of fire
             ... on level 12 of the Dungeon.
             The game lasted 01:10:45 (17242 turns).

Ignak the Thaumaturge (Gnoll Hedge Wizard)         Turns: 17242, Time: 01:10:45

Health: -22/97     AC: 16    Str: 18    XL:     14   Next: 14%
Magic:  14/29      EV: 25    Int: 18    God:    Sif Muna [*****.]
Gold:   1582       SH:  0    Dex: 16    Spells: 11/36 levels left

rFire   . . .      SeeInvis +    q - +6 whip {elec, +Blink rN+ Will+}
rCold   . . .      Faith    .    (no shield)
rNeg    + . .      Spirit   .    B - +2 troll leather armour
rPois   .          Reflect  .    e - +2 hat
rElec   .          Harm     .    j - +0 cloak
rCorr   .          Rampage  .    g - +2 pair of gloves
Will    ++...                    R - +1 pair of boots "Publuec" {Dex+4}
Stlth   ++++......               (no amulet)
HPRegen 1.16/turn                H - +4 ring of evasion
MPRegen 0.21/turn                I - ring of Ynoa {EV+4 Str+8 SInv}

@: about to teleport, radiating poison, very slightly contaminated
A: fangs 1, strong nose, distributed training, hooves 1, frail 1
a: Renounce Religion, Evoke Blink, Channel Magic, Forget Spell, Divine Exegesis


You were on level 12 of the Dungeon.
You worshipped Sif Muna.
Sif Muna was extremely pleased with you.
You visited 4 branches of the dungeon, and saw 16 of its levels.
You also visited: Ice Cave and Volcano.

You collected 2713 gold pieces.
You spent 1131 gold pieces at shops.

Inventory:

Hand Weapons
 a - a +0 arbalest of flaming
 b - a +5 short sword of flaming
 q - the +6 whip of Fate (weapon) {elec, +Blink rN+ Will+}
   (You found it in an ice cave)

   It occasionally discharges a powerful burst of electricity upon striking a
   foe.
   rN:        It protects you from negative energy.
   +Blink:    It lets you blink.
   Will:      It increases your willpower.
 F - a +3 arbalest
Missiles
 u - 34 poisoned darts (quivered)
Armour
 e - a +2 hat (worn)
 g - a +2 pair of gloves (worn)
 j - a +0 cloak (worn)
 y - a +3 leather armour of fire resistance
 B - a +2 troll leather armour (worn)
 D - a +2 robe of the Archmagi
 R - the +1 pair of boots "Publuec" (worn) {Dex+4}
   (You acquired it in an ice cave)

   Dex:       It affects your dexterity (+4).
Jewellery
 m - a +6 ring of intelligence
 H - a +4 ring of evasion (left hand)
 I - the ring of Ynoa (right hand) {EV+4 Str+8 SInv}
   (You took it off a centaur warrior on level 8 of the Dungeon)

   [ring of evasion]

   EV:        It affects your evasion (+4).
   Str:       It affects your strength (+8).
   SInv:      It lets you see invisible.
Wands
 r - a wand of light (4)
 x - a wand of flame (7)
 K - a wand of roots (7)
Scrolls
 h - a scroll of blinking
 k - 4 scrolls of amnesia
 n - 2 scrolls of butterflies
 o - 5 scrolls of teleportation
 p - 4 scrolls of poison
 A - 6 scrolls of identify
 C - 2 scrolls of vulnerability
 J - a scroll of torment
 Q - a scroll of magic mapping
 T - a scroll of silence
Potions
 d - a potion of magic
 f - 3 potions of lignification
 i - 4 potions of berserk rage
 l - 2 potions of ambrosia
 s - a potion of haste
 t - 5 potions of might
 v - 3 potions of cancellation
 w - 7 potions of curing
 z - 3 potions of heal wounds
 E - a potion of invisibility
 L - 2 potions of brilliance
 O - a potion of flight
 S - a potion of resistance
Miscellaneous
 c - a condenser vane
 G - a phial of floods


   Skills:
 + Level 9.3 Fighting
 + Level 9.3 Short Blades
 + Level 9.3 Long Blades
 + Level 9.3 Axes
 + Level 9.3 Maces & Flails
 + Level 9.3 Polearms
 + Level 9.3 Staves
 + Level 9.3 Ranged Weapons
 + Level 9.3 Throwing
 + Level 9.3 Armour
 + Level 10.4 Dodging
 + Level 10.2 Stealth
 + Level 9.3 Shields
 + Level 9.3 Unarmed Combat
 + Level 11.6 Spellcasting
 + Level 8.1 Conjurations
 + Level 7.7 Hexes
 + Level 8.1 Summonings
 + Level 7.7 Necromancy
 + Level 8.1 Translocations
 + Level 7.7 Transmutations
 + Level 7.7 Fire Magic
 + Level 7.7 Ice Magic
 + Level 7.7 Air Magic
 + Level 7.7 Earth Magic
 + Level 7.7 Poison Magic
 + Level 10.1 Invocations
 + Level 9.3 Evocations


You had 11 spell levels left.
You knew the following spells:

 Your Spells              Type           Power      Damage    Failure   Level
a - Magic Dart            Conj           100%       1d8       1%          1
b - Blink                 Tloc           78%        N/A       1%          2
c - Call Imp              Summ           39%        N/A       1%          2
d - Mephitic Cloud        Conj/Pois/Air  38%        N/A       1%          3
e - Summon Lightning Spi  Summ/Air       39%        N/A       3%          4
f - Lightning Bolt        Conj/Air       19%        1d34      9%          5
g - Airstrike             Air            19%        2d(3-19)  3%          4
z - Olgreb's Toxic Radia  Pois           38%        N/A       3%          4

Your spell library contained the following spells:

 Spells                   Type           Power      Damage    Failure   Level
 Necrotise                Necr           100%       1d9       1%          1
 Slow                     Hex            100%       N/A       1%          1
 Sting                    Tmut/Pois      100%       1d8       1%          1
 Cigotuvi's Dreadful Rot  Necr/Pois/Air  76%        N/A       1%          2
 Poisonous Vapours        Pois/Air       76%        N/A       1%          2
 Sublimation of Blood     Necr           38%        N/A       1%          2
 Gell's Gravitas          Tloc           39%        N/A       1%          3
 Lesser Beckoning         Tloc           78%        N/A       1%          3
 Teleport Other           Tloc           39%        N/A       1%          3
 Petrify                  Tmut/Erth      38%        N/A       3%          4
 Agony                    Necr           38%        N/A       9%          5
 Metabolic Englaciation   Hex/Ice        19%        N/A       9%          5
 Conjure Ball Lightning   Conj/Air       19%        3x3d6     41%         6
 Ozocubu's Refrigeration  Ice            19%        4d11      95%         7
 Discord                  Hex            19%        N/A       100%        8
 Disjunction              Tloc           19%        N/A       100%        8


Dungeon Overview and Level Annotations

Branches:
Dungeon (12/15)            Temple (1/1) D:5            Lair (1/5) D:8
    Orc (2/2) D:10            Elf (0/3) Orc:2         IceCv (visited)
Volcano (visited)

Altars:
Ashenzari
Cheibriados
Dithmenos
Elyvilon
Fedhas
Gozag
Hepliaklqana
Makhleb
Nemelex Xobeh
Okawaru
Qazlal
Ru
Sif Muna
Trog
Uskayaw
Wu Jian
Xom
Yredelemnul
Zin
The Shining One

Shops:
D:6 *   D:11 (   Orc:2 !(**


Innate Abilities, Weirdness & Mutations

You have very sharp teeth.
Your uncanny sense of smell can sniff out nearby items.
Your experience applies equally to all skills.
You have large cloven feet.
You are frail. (-10% HP)


Message History

Here: a sphinx (almost dead)
The floor.
Casting: Summon Lightning Spire (dangerous; 3% risk of failure)
Confirm with . or Enter, or press ? or * to list all spells.
You begin to radiate toxic energy.
The sphinx is poisoned.
The deep troll earth mage looks as sick as possible!
The fire giant looks even sicker.
The deep troll earth mage looks as sick as possible!
The sphinx hits you! The sphinx barely misses you.
The sphinx completely misses you.
The fire giant gestures at you while chanting.
The bolt of fire hits your lightning spire!
Your lightning spire resists.
The bolt of fire hits you!!!
* * * LOW HITPOINT WARNING * * *
Your lightning spire shoots out a bolt of lightning at the fire giant!
The bolt of electricity hits the fire giant!
Press: ? - help, v - describe, . - travel
Here: a sphinx (almost dead, poisoned)
The floor.
You feel much better.
The deep troll earth mage looks as sick as possible!
The fire giant looks even sicker.
Your toxic aura wanes.
The sphinx casts a spell.
You easily resist.
The fire giant hits your lightning spire with a +1 great sword of flaming!!
Your lightning spire is destroyed!
Your lightning spire disappears in a puff of smoke!
Casting: Olgreb's Toxic Radiance (dangerous; 3% risk of failure)
Confirm with . or Enter, or press ? or * to list all spells.
You begin to radiate toxic energy.
The sphinx looks even sicker.
The deep troll earth mage looks as sick as possible!
You kill the sphinx!
Sif Muna accepts your kill.
The fire giant looks as sick as possible!
The fire giant points at you and mumbles some strange words.
The bolt of fire hits you!!!
Ouch! That really hurt!
You die...

#.#....##. ###........>
####....##.....
####.....###..#.##
###....###.# #.##.##
#...######.# #.##...
##### ##..# #..###.....#
....#
############.##...^##.#
###.#
###...#.@.#........<.##.#
.##.#
#...#.§##T#....##.#####..
.#..# #.#..C###W#.##....#
### .#.##
#.##.###§##..#.#### #
.#.# #.#.###T####...#
.#.# #.#.##.#CWQ#..##
.#.# #.#...##Q|C#.### ##
...# #.######}$##...#
###. #..#
#.#.########.#.# ###...


You could see a fire giant (extremely poisoned), a phantasmal warrior and a deep
troll earth mage (extremely poisoned).

Vanquished Creatures
  A sphinx (D:12)
  A frost giant (IceCv)
  2 ogre magi
  8 two-headed ogres
  A centaur warrior (D:8)
  3 death yaks (IceCv)
  3 orc high priests (Orc:2)
  A hell knight (Volcano)
  A skeletal warrior (D:7)
  4 orc knights
  2 ugly things
  7 orc sorcerers
  A cyclops (Orc:2)
  A molten gargoyle (Volcano)
  An ice statue (IceCv)
  An unseen horror (D:12)
  Psyche (D:8)
  A rime drake (IceCv)
  10 trolls
  Prince Ribbit (D:8)
  8 polar bears (IceCv)
  A shadow (D:9)
  A vampire (D:12)
  2 wraiths
  27 yaks
  2 steam dragons
  2 fire bats (Volcano)
  2 wargs (Orc:1)
  2 vampire mosquitoes (D:12)
  3 acid dragons
  A water moccasin (D:8)
  A swamp drake (D:10)
  2 ice beasts
  21 orc warriors
  4 black bears
  A sky beast (D:6)
  7 ogres
  A centaur (D:8)
  A phantom (D:6)
  14 wolves
  2 kobold brigands
  3 bullfrogs
  2 necrophages
  A gnoll sergeant (D:6)
  2 scorpions
  19 wights
  12 killer bees
  5 electric eels (D:8)
  3 howler monkeys
  3 lava snakes (Volcano)
  7 hounds
  16 orc priests
  A gnoll bouda (D:8)
  2 jellies
  33 orc wizards
  9 iguanas
  8 gnolls
  6 adders
  A shadow imp (D:5)
  A worm (D:2)
  2 dart slugs
  80 orcs
  6 bats (D:1)
  7 endoplasms
  6 giant cockroaches
  5 goblins
  3 hobgoblins
  4 quokkas
  3 ball pythons
  2 frilled lizards
  19 kobolds
  7 rats
434 creatures vanquished.

Vanquished Creatures (collateral kills)
  An orc knight (Orc:2)
  3 polar bears (IceCv)
  3 fire bats (Volcano)
  5 yaks
  An acid dragon (D:12)
  5 orc warriors
  An ogre (D:5)
  3 wolves (IceCv)
  2 killer bees (D:9)
  A howler monkey (D:8)
  3 lava snakes (Volcano)
  An orc priest (Orc:2)
  A gnoll bouda (D:10)
  An iguana (D:5)
  2 orc wizards
  A dart slug (D:2)
  6 orcs
  An endoplasm (D:2)
  2 hobgoblins (D:2)
  A kobold (D:1)
44 creatures vanquished.

Vanquished Creatures (others)
  An orc wizard (Orc:2)
  8 plants
9 creatures vanquished.

Grand Total: 487 creatures vanquished

Notes
Turn   | Place    | Note
-------+----------+-------------------------------------------
     0 | D:1      | Ignak the Gnoll Hedge Wizard began the quest for the Orb.
     0 | D:1      | Reached XP level 1. HP: 13/13 MP: 8/8
   204 | D:1      | Reached XP level 2. HP: 19/19 MP: 10/10
   289 | D:1      | Learned a level 2 spell: Blink
   292 | D:1      | Learned a level 2 spell: Call Imp
   478 | D:1      | Learned a level 2 spell: Poisonous Vapours
   663 | D:1      | Reached XP level 3. HP: 25/25 MP: 6/11
   669 | D:1      | Learned a level 3 spell: Mephitic Cloud
  1074 | D:1      | Reached skill level 1 in Invocations
  1580 | D:2      | Reached skill level 1 in Fighting
  1580 | D:2      | Reached skill level 1 in Short Blades
  1580 | D:2      | Reached skill level 1 in Long Blades
  1580 | D:2      | Reached skill level 1 in Axes
  1580 | D:2      | Reached skill level 1 in Maces & Flails
  1580 | D:2      | Reached skill level 1 in Polearms
  1580 | D:2      | Reached skill level 1 in Staves
  1580 | D:2      | Reached skill level 1 in Ranged Weapons
  1580 | D:2      | Reached skill level 1 in Throwing
  1580 | D:2      | Reached skill level 1 in Armour
  1580 | D:2      | Reached skill level 1 in Shields
  1580 | D:2      | Reached skill level 1 in Unarmed Combat
  1580 | D:2      | Reached skill level 1 in Evocations
  1691 | D:2      | Found a glowing golden altar of the Shining One.
  2184 | D:3      | Reached XP level 4. HP: 32/32 MP: 13/13
  2196 | D:3      | Learned a level 4 spell: Olgreb's Toxic Radiance
  2328 | D:2      | Identified a scroll of acquirement
  2328 | D:2      | Acquired 813 gold pieces
  2428 | D:3      | Noticed a scorpion
  2434 | D:3      | Killed a scorpion
  2435 | D:3      | Reached skill level 1 in Hexes
  2435 | D:3      | Reached skill level 1 in Necromancy
  2435 | D:3      | Reached skill level 1 in Transmutations
  2435 | D:3      | Reached skill level 1 in Fire Magic
  2435 | D:3      | Reached skill level 1 in Ice Magic
  2435 | D:3      | Reached skill level 1 in Air Magic
  2435 | D:3      | Reached skill level 1 in Earth Magic
  2435 | D:3      | Reached skill level 1 in Poison Magic
  2435 | D:3      | Reached XP level 5. HP: 35/37 MP: 11/14
  2930 | D:4      | Reached XP level 6. HP: 37/44 MP: 10/16
  2988 | D:4      | Killed an ice beast
  2989 | D:4      | Reached skill level 5 in Dodging
  3327 | D:4      | Reached XP level 7. HP: 40/50 MP: 7/18
  3853 | D:5      | Entered Level 5 of the Dungeon
  3939 | D:5      | Reached skill level 5 in Stealth
  4284 | D:5      | Found a stormy altar of Qazlal.
  4284 | D:5      | Found a hazy altar of Hepliaklqana.
  4303 | D:5      | Reached XP level 8. HP: 58/58 MP: 19/19
  4465 | D:5      | Gained mutation: You are frail. (-10% HP) [potion of
                  | mutation]
  4470 | D:5      | Found a staircase to the Ecumenical Temple.
  4490 | Temple   | Entered the Ecumenical Temple
  4522 | Temple   | Became a worshipper of Sif Muna the Loreminder
  5109 | D:6      | Noticed a yak
  5109 | D:6      | Noticed a yak
  5109 | D:6      | Noticed a yak
  5110 | D:6      | Noticed a yak
  5127 | D:6      | Killed a yak
  5128 | D:6      | Reached skill level 8 in Spellcasting
  5129 | D:6      | Killed a yak
  5136 | D:7      | Killed a yak
  5231 | D:6      | Killed a yak
  5232 | D:6      | Reached XP level 9. HP: 38/58 MP: 12/21
  5375 | D:6      | Noticed a two-headed ogre
  5451 | D:6      | Killed a two-headed ogre
  5452 | D:6      | Reached skill level 5 in Invocations
  5821 | D:6      | Found Hoyze's General Store.
  5850 | D:6      | Bought a wand of flame (6) for 58 gold pieces
  5850 | D:6      | Bought a +3 leather armour of fire resistance for 336 gold
                  | pieces
  5850 | D:6      | Bought a potion of heal wounds for 70 gold pieces
  5850 | D:6      | Bought a scroll of identify for 28 gold pieces
  5850 | D:6      | Bought 2 potions of curing for 84 gold pieces
  5850 | D:6      | Bought 2 scrolls of identify for 56 gold pieces
  5930 | D:6      | Reached * piety under Sif Muna
  6109 | D:7      | Reached skill level 5 in Fighting
  6109 | D:7      | Reached skill level 5 in Short Blades
  6109 | D:7      | Reached skill level 5 in Long Blades
  6109 | D:7      | Reached skill level 5 in Axes
  6109 | D:7      | Reached skill level 5 in Maces & Flails
  6109 | D:7      | Reached skill level 5 in Polearms
  6109 | D:7      | Reached skill level 5 in Staves
  6109 | D:7      | Reached skill level 5 in Ranged Weapons
  6109 | D:7      | Reached skill level 5 in Throwing
  6109 | D:7      | Reached skill level 5 in Armour
  6109 | D:7      | Reached skill level 5 in Shields
  6109 | D:7      | Reached skill level 5 in Unarmed Combat
  6109 | D:7      | Reached skill level 5 in Evocations
  6109 | D:7      | Reached XP level 10. HP: 55/66 MP: 4/22
  7029 | D:7      | Reached skill level 9 in Spellcasting
  7679 | D:8      | Reached skill level 5 in Conjurations
  7679 | D:8      | Reached skill level 5 in Summonings
  7679 | D:8      | Reached skill level 5 in Translocations
  7769 | D:8      | Reached ** piety under Sif Muna
  8005 | D:8      | Found a hide-covered altar of Uskayaw.
  8123 | D:8      | Found a staircase to the Lair.
  8396 | D:8      | Noticed Psyche
  8398 | D:8      | Noticed a skeletal warrior
  8404 | D:8      | Killed Psyche
  8536 | D:7      | Killed a skeletal warrior
  8537 | D:7      | Reached skill level 5 in Hexes
  8537 | D:7      | Reached skill level 5 in Necromancy
  8537 | D:7      | Reached skill level 5 in Transmutations
  8537 | D:7      | Reached skill level 5 in Fire Magic
  8537 | D:7      | Reached skill level 5 in Ice Magic
  8537 | D:7      | Reached skill level 5 in Air Magic
  8537 | D:7      | Reached skill level 5 in Earth Magic
  8537 | D:7      | Reached skill level 5 in Poison Magic
  8619 | D:8      | Identified the ring of Ynoa {EV+4 Str+8 SInv}
  8619 | D:8      | Noticed a centaur warrior
  8642 | D:8      | Killed a centaur warrior
  8643 | D:8      | Reached XP level 11. HP: 58/72 MP: 10/24
  8898 | D:8      | Noticed Prince Ribbit
  8899 | D:8      | Found a sparkling altar of Nemelex Xobeh.
  8899 | D:8      | Found a shimmering altar of Xom.
  8900 | D:8      | Found a blossoming altar of Fedhas.
  8900 | D:8      | Found an ornate altar of the Wu Jian Council.
  8900 | D:8      | Found a broken altar of Ashenzari.
  8900 | D:8      | Found a glowing silver altar of Zin.
  8903 | D:8      | Found an iron altar of Okawaru.
  8903 | D:8      | Found an opulent altar of Gozag.
  8903 | D:8      | Found a snail-covered altar of Cheibriados.
  8910 | D:8      | Killed Prince Ribbit
  9496 | D:9      | Found a white marble altar of Elyvilon.
  9793 | D:9      | Reached *** piety under Sif Muna
 10116 | D:10     | Entered Level 10 of the Dungeon
 10210 | D:10     | Noticed a two-headed ogre
 10242 | D:10     | Noticed an ogre mage
 10500 | D:10     | Found a staircase to the Orcish Mines.
 10539 | D:10     | Learned a level 4 spell: Summon Lightning Spire
 10544 | D:10     | Learned a level 4 spell: Airstrike
 10550 | D:10     | Learned a level 5 spell: Lightning Bolt
 10683 | D:10     | Found a transporter.
 10687 | D:10     | Found a transporter.
 10729 | D:10     | Reached **** piety under Sif Muna
 10918 | D:10     | Reached skill level 10 in Spellcasting
 11275 | D:10     | Killed a two-headed ogre
 11347 | D:10     | Killed an ogre mage
 11378 | D:10     | Reached XP level 12. HP: 52/81 MP: 1/26
 11639 | Orc:1    | Entered Level 1 of the Orcish Mines
 11745 | Orc:1    | Found a dark tunnel.
 11750 | Volcano  | Entered a volcano
 12218 | Volcano  | Noticed a two-headed ogre
 12219 | Volcano  | Noticed a hell knight
 12226 | Volcano  | Killed a two-headed ogre
 12256 | Volcano  | Noticed a two-headed ogre
 12257 | Volcano  | Noticed a two-headed ogre
 12259 | Volcano  | Killed a two-headed ogre
 12265 | Volcano  | Found a burning altar of Makhleb.
 12265 | Volcano  | Noticed a two-headed ogre
 12265 | Volcano  | Noticed an ogre mage
 12265 | Volcano  | Noticed a two-headed ogre
 12276 | Volcano  | Killed a two-headed ogre
 12279 | Volcano  | Killed an ogre mage
 12280 | Volcano  | Killed a two-headed ogre
 12288 | Volcano  | Killed a hell knight
 12306 | Volcano  | Killed a two-headed ogre
 12586 | Orc:2    | Entered Level 2 of the Orcish Mines
 12586 | Orc:2    | Found a staircase to the Elven Halls.
 12743 | Orc:2    | Reached ***** piety under Sif Muna
 12990 | Orc:2    | Paralysed by an orc sorcerer for 3 turns
 12998 | Orc:2    | Found a frozen archway.
 13007 | IceCv    | Entered an ice cave
 13015 | IceCv    | Lost mutation: You are frail. (-10% HP) [potion of
                  | mutation]
 13015 | IceCv    | Gained mutation: You sometimes lose your temper in combat.
                  | [potion of mutation]
 13015 | IceCv    | Gained mutation: You have hidden genetic potential. [potion
                  | of mutation]
 13157 | IceCv    | Reached XP level 13. HP: 88/98 MP: 22/27
 13173 | IceCv    | Received a gift from Sif Muna
 13183 | IceCv    | Got Sif Muna's Lessons on Cold {god gift}
 13269 | IceCv    | Reached skill level 11 in Spellcasting
 13669 | IceCv    | Acquired the +1 pair of boots "Publuec" {Dex+4}
 13715 | IceCv    | Noticed a frost giant
 13748 | IceCv    | Killed a frost giant
 13917 | IceCv    | Identified the +6 whip of Fate {elec, +Blink rN+ Will+}
 13928 | IceCv    | Got the Secrets of Bloody Terra Firma
 14127 | Orc:2    | Gained mutation: You have large cloven feet. [hidden
                  | potential]
 14395 | Orc:2    | Paralysed by an orc sorcerer for 2 turns
 14518 | Orc:2    | Reached skill level 10 in Dodging
 14770 | Orc:2    | Reached skill level 10 in Stealth
 14822 | Orc:2    | Found Ering's General Store.
 14822 | Orc:2    | Found Nitoutuu's Distillery.
 14823 | Orc:2    | Found Wughouc's Assorted Antiques.
 14823 | Orc:2    | Found Uxya's Weapon Shoppe.
 14856 | Orc:2    | Bought a potion of curing for 51 gold pieces
 14856 | Orc:2    | Bought a potion of curing for 51 gold pieces
 14856 | Orc:2    | Bought a potion of mutation for 136 gold pieces
 14856 | Orc:2    | Bought a potion of curing for 51 gold pieces
 14869 | Orc:2    | Bought a potion of heal wounds for 70 gold pieces
 14869 | Orc:2    | Bought a potion of resistance for 140 gold pieces
 15167 | Orc:1    | Received a gift from Sif Muna
 15169 | Orc:1    | Reached XP level 14. HP: 107/108 MP: 7/29
 15185 | Orc:1    | Reached skill level 10 in Invocations
 15687 | D:11     | Lost mutation: You have hidden genetic potential. [potion
                  | of mutation]
 15687 | D:11     | Lost mutation: You sometimes lose your temper in combat.
                  | [potion of mutation]
 15687 | D:11     | Gained mutation: You are frail. (-10% HP) [potion of
                  | mutation]
 15931 | D:11     | Found Upuomatu's Hydra Hut.
 16358 | Lair:1   | Entered Level 1 of the Lair of Beasts
 17093 | D:12     | Noticed a sphinx
 17095 | D:12     | Found a runed translucent door.
 17097 | D:12     | Noticed a tengu reaver
 17097 | D:12     | Noticed a fire giant
 17097 | D:12     | Noticed a tengu reaver
 17097 | D:12     | Noticed a frost giant
 17242 | D:12     | Killed a sphinx
 17242 | D:12     | Killed from afar by a fire giant

Illustrated notes

Levels and vault maps discovered:
D:1:      scummos_arrival_checkerplants, layout_loops_corners
D:2:      layout_basic, basic_altar, kennysheep_another_room,
          kennysheep_decorative_pillar, chequers_serial_rivers_small_3
D:3:      layout_rooms, minivault_14
D:4:      layout_basic
D:5:      layout_loops_ring, gammafunk_temple_overflow_statue,
          minmay_temple_entry_overgrown
D:6:      minmay_opposing_rooms, layout_basic, serial_shops,
          kennysheep_mini_moat
D:7:      layout_layer_cave
D:8:      layout_cave_pools, nicolae_overflow_crystal_walls,
          nicolae_overflows_in_rows, erik_lair_island, minmay_radiant,
          uniq_prince_ribbit1, uniq_psyche
D:9:      cheibrodos_elevator_heist, layout_gridville,
          nicolae_elyvilon_temple_path, special_room [special_room_orc],
          hangedman_glass_teeth
D:10:     gammafunk_beogh_shrine, layout_cave_pods, erik_orc_1, st_stairs_7,
          kennysheep_generic_room_12
D:11:     layout_irregular_city, doesnt_shop_hydraphobe
D:12:     minmay_gate_of_8, layout_rooms
Temple:   chequers_temple_sunken
Lair:1:   layout_concentric_octagons, nzn_sisyphean_effort, uniq_grum,
          uniq_maggie
Orc:1:    layout_diamond_mine, enter_volcano_4
Orc:2:    st_orc_elflike, layout_diamond_mine, portal_ice_cave_entry_pillars_2

Skill      XL: |  1  2  3  4  5  6  7  8  9 10 11 12 13 14 |
---------------+-------------------------------------------+-----
Conjurations   | 2 3 4 5 6 7 8 |  8.1
Summonings     | 2 3 4 5 6 7 8 |  8.1
Translocations | 2 3 4 5 6 7 8 |  8.1
Invocations    | 1 2 3 4 5 6 7 8 9 10 | 10.1
Fighting       | 1 2 3 5 6 7 8 9 |  9.3
Short Blades   | 1 2 3 5 6 7 8 9 |  9.3
Long Blades    | 1 2 3 5 6 7 8 9 |  9.3
Axes           | 1 2 3 5 6 7 8 9 |  9.3
Maces & Flails | 1 2 3 5 6 7 8 9 |  9.3
Polearms       | 1 2 3 5 6 7 8 9 |  9.3
Staves         | 1 2 3 5 6 7 8 9 |  9.3
Ranged Weapons | 1 2 3 5 6 7 8 9 |  9.3
Throwing       | 1 2 3 5 6 7 8 9 |  9.3
Armour         | 1 2 3 5 6 7 8 9 |  9.3
Shields        | 1 2 3 5 6 7 8 9 |  9.3
Unarmed Combat | 1 2 3 5 6 7 8 9 |  9.3
Evocations     | 1 2 3 5 6 7 8 9 |  9.3
Hexes          | 1 2 3 4 5 6 7 |  7.7
Necromancy     | 1 2 3 4 5 6 7 |  7.7
Transmutations | 1 2 3 4 5 6 7 |  7.7
Fire Magic     | 1 2 3 4 5 6 7 |  7.7
Ice Magic      | 1 2 3 4 5 6 7 |  7.7
Air Magic      | 1 2 3 4 5 6 7 |  7.7
Earth Magic    | 1 2 3 4 5 6 7 |  7.7
Poison Magic   | 1 2 3 4 5 6 7 |  7.7
Dodging        | 5 6 7 8 9 10 | 10.4
Stealth        | 5 6 7 8 9 10 | 10.2
Spellcasting   | 8 9 10 11 | 11.6

Action                   |  1- 3 |  4- 6 |  7- 9 | 10-12 | 13-15 || total
-------------------------+-------+-------+-------+-------+-------++-------
Melee: Mace              |    30 |       |       |       |       ||    30
       Dagger            |     4 |       |       |       |       ||     4
       Bite              |     7 |     4 |    11 |    36 |    48 ||   106
       Short sword       |    48 |    68 |    93 |   304 |       ||   513
       Punch             |     1 |       |     1 |    13 |    13 ||    28
       Battleaxe         |       |       |       |    37 |   103 ||   140
       Whip              |       |       |       |       |   214 ||   214
 Fire: Arbalest          |       |       |    22 |    36 |       ||    58
Throw: Dart              |       |       |    12 |       |       ||    12
 Cast: Poisonous Vapours |    20 |    16 |       |       |       ||    36
       Magic Dart        |     4 |       |       |       |       ||     4
       Call Imp          |     7 |     4 |    13 |    29 |     4 ||    57
       Olgreb's Toxic Ra |       |     3 |    12 |    94 |    49 ||   158
       Mephitic Cloud    |       |     1 |     8 |    15 |     4 ||    28
       Blink             |       |       |     2 |    17 |     7 ||    26
       Summon Lightning  |       |       |       |    17 |    27 ||    44
       Lightning Bolt    |       |       |       |     5 |    13 ||    18
       Airstrike         |       |       |       |       |    15 ||    15
Invok: Channel Magic     |       |       |       |     2 |     5 ||     7
Evoke: Wand              |       |       |       |     8 |     1 ||     9
       Phial of floods   |       |       |       |     1 |     1 ||     2
       Condenser vane    |       |       |       |       |     1 ||     1
  Use: Scroll            |       |    15 |     5 |     4 |    10 ||    34
       Potion            |       |     2 |     3 |     3 |     3 ||    11
 Stab: Sleeping          |     5 |     3 |     5 |     6 |     3 ||    22
       Confused          |       |     1 |     2 |     5 |       ||     8
       Distracted        |       |       |       |     1 |     4 ||     5
Armor: Robe              |    24 |    20 |    18 |       |       ||    62
       Leather armour    |       |       |     3 |    20 |       ||    23
       Troll leather arm |       |       |       |    63 |    97 ||   160
Dodge: Dodged            |    58 |    33 |    66 |   357 |   519 ||  1033

Table legend: (Time is in decaauts)
 A = Elapsed time spent in this place.
 B = Non-inter-level travel time spent in this place.
 C = Inter-level travel time spent in this place.
 D = Time resting spent in this place.
 E = Time spent auto-exploring this place.
 F = Levels seen in this place.
 G = Mean time per level.
                   A        B        C        D        E       F      G
               +--------+--------+--------+--------+--------+-----+--------+
         Total |  17249 |  16672 |    577 |   2302 |   8701 |  18 |  958.3 |
       Dungeon |  13231 |  12707 |    524 |   1389 |   7748 |  12 | 1102.6 |
        Temple |     50 |     36 |     14 |      0 |     18 |   1 |   50.0 |
          Lair |     25 |     19 |      6 |      0 |      0 |   1 |   25.0 |
  Orcish Mines |   2092 |   2060 |     32 |    408 |    711 |   2 | 1046.0 |
      Ice Cave |   1180 |   1180 |      0 |    277 |    223 |   1 | 1180.0 |
       Volcano |    669 |    669 |      0 |    227 |      0 |   1 |  669.0 |
               +--------+--------+--------+--------+--------+-----+--------+

Top non-repeatable levels by time:
     D:7: 1979 daAuts
    D:10: 1599 daAuts
     D:1: 1318 daAuts
     D:6: 1284 daAuts
   IceCv: 1180 daAuts
   Orc:2: 1142 daAuts
     D:4: 1127 daAuts
     D:9: 1114 daAuts
     D:8: 1075 daAuts
   Orc:1: 950 daAuts
     D:2: 916 daAuts
     D:5: 800 daAuts
    D:12: 756 daAuts
    D:11: 750 daAuts
 Volcano: 669 daAuts
